 Dungeon Crawl Stone Soup version 0.26-a0-639-g72c4674329 (webtiles) character file.

Game seed: 12905210955010613447

50 Colgate the Chiller (level 3, 23/24 HPs)
             Began as a Barachi Ice Elementalist on Sept 15, 2020.
             Quit the game on level 2 of the Dungeon.
             The game lasted 00:11:33 (1529 turns).

Colgate the Chiller (Barachi Ice Elementalist)      Turns: 1529, Time: 00:11:34

Health: 23/24      AC:  3    Str:  9    XL:     3   Next: 79%
Magic:  3/6        EV: 12    Int: 16    God:
Gold:   93         SH:  0    Dex: 12    Spells: 2/6 levels left

rFire    . . .     SeeInvis .   j - -2 hunting sling (curse)
rCold    . . .     Faith    .   (no shield)
rNeg     . . .     Spirit   .   f - +0 leather armour (curse)
rPois    .         Reflect  .   (no helmet)
rElec    .         Harm     .   (no cloak)
rCorr    .         Rampage  .   (no gloves)
MR       .....                  (no boots)
Stlth    ++........             (no amulet)
HPRegen  0.08/turn              (no ring)
MPRegen  0.10/turn              (no ring)

@: can't hop, frozen ramparts, slow
A: +LOS, swims, slowness 1, strong legs 1
a: Hop


You were on level 2 of the Dungeon.
You visited 1 branch of the dungeon, and saw 2 of its levels.

You collected 93 gold pieces.

Inventory:

Hand Weapons
 j - a cursed -2 hunting sling (weapon)
 r - a +0 spear
 s - a +0 hunting sling of freezing
Missiles
 c - 17 bolts
 e - 87 stones
 o - 30 arrows
 q - 7 sling bullets (quivered)
Armour
 a - a +0 robe
 f - a cursed +0 leather armour (worn)
 h - a +0 chain mail
 l - a +2 robe of magic resistance
Scrolls
 b - 2 scrolls of remove curse {unknown}
 g - a scroll of immolation {unknown}
 i - a scroll of amnesia {unknown}
 k - a scroll of blinking {unknown}
 m - a scroll of identify {unknown}
 p - a scroll of enchant armour {unknown}
 t - a scroll of teleportation {unknown}
Potions
 d - 2 potions of degeneration {unknown}
 n - a potion of lignification {unknown}


   Skills:
 + Level 1.2 Slings
 + Level 1.0 Armour
 + Level 2.1 Dodging
 + Level 1.7 Stealth
 + Level 2.1 Spellcasting
 + Level 6.0 Ice Magic


You had 2 spell levels left.
You knew the following spells:

 Your Spells              Type           Power        Failure   Level
a - Freeze                Ice            ###.         2%          1
b - Frozen Ramparts       Ice            ###...       7%          3

Your spell library contained the following spells:

 Spells                   Type           Power        Failure   Level
 Ozocubu's Armour         Ice            ###.....     7%          3
 Hailstorm                Conj/Ice       ##......     63%         4
 Summon Ice Beast         Ice/Summ       ##......     63%         4


Dungeon Overview and Level Annotations

Branches:
Dungeon (2/15)

Altars:


Innate Abilities, Weirdness & Mutations

You can be seen from farther away. (+LOS)
You can swim through water.
You cover ground slowly.
You can hop short distances.


Message History

Confirm with . or Enter, or press ? or * to list all spells.
The spell is quite dangerous to cast (7% risk of failure)!
Continue anyway?
The walls around you are covered in ice.
Press: ? - help, Dir - move target cursor Boing!
The wall freezes the bat.
Firing (i - inventory. (/) - cycle)
q - 9 sling bullets (quivered)
Press: ? - help, Shift-Dir - straight line, f - adder
Aim: an adder You shoot a sling bullet.
The sling bullet hits the adder.
The adder is moderately wounded.
The bat barely misses you.
The wall freezes the adder.
The adder seems to slow down.
Firing (i - inventory. (/) - cycle)
q - 8 sling bullets (quivered)
Press: ? - help, Shift-Dir - straight line, f/p - adder
Aim: an adder (heavily wounded, slow)
You shoot a sling bullet. The sling bullet hits the adder!
You kill the adder!
Your Slings skill increases to level 1!
The bat hits you.
Are you sure you want to abandon this character and quit the game? (Confirm with "yes".)

.##.. ......##.#
....##....###'#
#######..####.##..##
#.....##............
#.....####.....####.
#.....# #.##..###..
#.....# #.##)......
#.....####.##.#....#
#..@................
#.........#...#.####
#..b..####..#.#.# ..
#.....##...##......#
#........###.....##
#.....#### .#..##
.(..)###.# .....#
....# #.. #. . . .#
##.#


You could see a bat.

Vanquished Creatures
  2 adders (D:2)
  A dart slug (D:2)
  2 leopard geckos
  3 giant cockroaches
  4 goblins
  4 hobgoblins (D:2)
  2 kobolds (D:2)
  A quokka (D:2)
  2 bats (D:1)
  3 frilled lizards
  3 rats
27 creatures vanquished.

Notes
Turn   | Place    | Note
-------+----------+-------------------------------------------
     0 | D:1      | Colgate the Barachi Ice Elementalist began the quest for
                  | the Orb.
     0 | D:1      | Reached XP level 1. HP: 13/13 MP: 3/3
   147 | D:1      | Reached skill level 5 in Ice Magic
   329 | D:1      | Reached XP level 2. HP: 19/19 MP: 3/5
  1164 | D:2      | Reached XP level 3. HP: 24/24 MP: 1/6
  1169 | D:2      | Learned a level 3 spell: Frozen Ramparts
  1218 | D:2      | Reached skill level 6 in Ice Magic
  1308 | D:2      | Reached skill level 1 in Armour
  1528 | D:2      | Reached skill level 1 in Slings
  1529 | D:2      | Quit the game

Illustrated notes

Levels and vault maps discovered:
D:1:      heliophobic_arrival_dark_side_of_the_moon, layout_basic
D:2:      layout_rooms, grunt_ministairs_14, uniq_jessica

Skill      XL: |  1  2  3 |
---------------+----------+-----
Ice Magic      | 5 6 |  6.0
Armour         | 1 |  1.0
Slings         | 1 |  1.2
Dodging        | |  2.1
Stealth        | |  1.7
Spellcasting   | |  2.1

Action                   || total
-------------------------++-------
Melee: Unarmed           ||     1
 Fire: Hunting sling     ||    43
Throw: Stone             ||     3
 Cast: Freeze            ||    24
       Frozen Ramparts   ||     4
 Abil: Hop               ||     5
 Stab: Sleeping          ||     1
Armor: Leather armour    ||     1
Dodge: Dodged            ||     9

Table legend: (Time is in decaauts)
 A = Elapsed time spent in this place.
 B = Non-inter-level travel time spent in this place.
 C = Inter-level travel time spent in this place.
 D = Time resting spent in this place.
 E = Time spent auto-exploring this place.
 F = Levels seen in this place.
 G = Mean time per level.
                   A        B        C        D        E       F      G
               +--------+--------+--------+--------+--------+-----+--------+
         Total |   1735 |   1666 |     69 |      0 |   1381 |   2 |  867.5 |
       Dungeon |   1735 |   1666 |     69 |      0 |   1381 |   2 |  867.5 |
               +--------+--------+--------+--------+--------+-----+--------+

Top non-repeatable levels by time:
     D:1: 1304 daAuts
     D:2: 430 daAuts
